 Dungeon Crawl Stone Soup version 0.30-a0-586-g23e55c9e0a (webtiles) character file.

Game seed: 16197518696878298617

64 Dirtsage the Slasher (level 3, -3/29 HPs)
             Began as a Demonspawn Monk on Jan 3, 2023.
             Killed from afar by an orc wizard (8 damage)
             ... with a puff of flame
             ... on level 2 of the Dungeon.
             The game lasted 00:02:17 (1192 turns).

Dirtsage the Slasher (Demonspawn Monk)              Turns: 1192, Time: 00:02:18

Health: -3/29      AC:  3    Str: 11    XL:     3   Next: 91%
Magic:  3/3        EV: 12    Int: 11    God:
Gold:   71         SH:  4    Dex: 17    Spells: 2/2 levels left

rFire   . . .      SeeInvis .    e - +1 dagger (elec)
rCold   . . .      Faith    .    (no shield)
rNeg    . . .      Spirit   .    i - +0 leather armour
rPois   .          Reflect  .    (no helmet)
rElec   .          Harm     .    (no cloak)
rCorr   .          Rampage  .    (no gloves)
Will    .....                    (no boots)
Stlth   ++                       k - amulet of magic regeneration
HPRegen 0.24/turn                (no ring)
MPRegen 0.48/turn                (no ring)

@: no status effects
A: hooves 1, large bone plates 1
a: no special abilities


You were on level 2 of the Dungeon.
You visited 1 branch of the dungeon, and saw 2 of its levels.

You collected 71 gold pieces.

Inventory:

Hand Weapons
 a - a +0 falchion
 e - a +1 dagger of electrocution (weapon)
Armour
 b - a +0 robe
 i - a +0 leather armour (worn)
Jewellery
 k - an amulet of magic regeneration (around neck)
Scrolls
 d - a scroll of identify {unknown}
 f - a scroll of fear {unknown}
 l - a scroll of poison {unknown}
 m - 2 scrolls of amnesia {unknown}
Potions
 c - a potion of ambrosia
 g - a potion of degeneration {unknown}
 h - a potion of attraction {unknown}
 j - 2 potions of might {unknown}
 n - a potion of flight {unknown}


   Skills:
 - Level 3.0 Fighting
 + Level 4.4 Long Blades
 - Level 2.6 Dodging
 - Level 1.7 Stealth


You had 2 spell levels left.
You didn't know any spells.
Your spell library was empty.

Dungeon Overview and Level Annotations

Branches:
Dungeon (2/15)

Altars:


Innate Abilities, Weirdness & Mutations

You have large cloven feet.
You are partially covered in large bone plates. (SH +4)


Message History

You take 3 damage, and have 14/29 hp.
You hit the ball python.
Lightning courses through the ball python!
You kill the ball python!
The frilled lizard bites you but does no damage.
You see here a ball python corpse.
An orc comes into view. It is wielding a +0 club.
The orc shouts!
The orc wizard gestures wildly while chanting.
The orc wizard flickers and vanishes!
Deactivating autopickup; reactivate with Ctrl-A.
The frilled lizard bites you.
You take 1 damage, and have 13/29 hp.
You hit the orc.
The orc is heavily wounded.
The frilled lizard barely misses you. The frilled lizard bites you.
You see here a ball python corpse.
You take 1 damage, and have 13/29 hp.
You barely miss something. Something hits you.
You take 3 damage, and have 10/29 hp.
You hit something. You kick something.
You hear some strange, mumbled words.
Something tries to affect you, but you resist.
You barely miss something. Something hits you.
You take 1 damage, and have 10/29 hp.
You hit something. You closely miss something. Something hits you.
* * * LOW HITPOINT WARNING * * *
You take 3 damage, and have 7/29 hp.
You hit something. Something hits you.
* * * LOW HITPOINT WARNING * * *
You take 2 damage, and have 5/29 hp.
You hit something. Your kick misses something. Something hits you.
* * * LOW HITPOINT WARNING * * *
You miss something. Your kick misses something.
You hear some strange, mumbled words.
A puff of flame appears from out of thin air!
The puff of flame hits you!
You die...

#.# ### . ..
.)###.#### #.# ##.#
##...#...#
#.#######..#
##..###..###......#..#
##.## ##.#..........#
#.## ##..# #.#?...# ##
#.#.# #..lo.#
...#.###.#{#.#
.....#.)...#@# #
#.#.####.#.###)# # ##
#.....).# #.....###
#.....# #.....#
#.....# #.....#
#######


You could see an orc and a frilled lizard.

Vanquished Creatures
  An orc priest (D:2)
  An orc (D:2)
  4 endoplasms
  2 giant cockroaches (D:1)
  6 goblins
  A hobgoblin (D:1)
  4 ball pythons
  3 bats (D:1)
  2 frilled lizards (D:1)
  3 kobolds (D:1)
  10 rats
37 creatures vanquished.

Notes
Turn   | Place    | Note
-------+----------+-------------------------------------------
     0 | D:1      | Dirtsage the Demonspawn Monk began the quest for the Orb.
     0 | D:1      | Reached XP level 1. HP: 18/18 MP: 1/1
   105 | D:1      | Reached skill level 3 in Long Blades
   184 | D:1      | Gained mutation: You are partially covered in large bone
                  | plates. (SH +4) [demonic ancestry]
   184 | D:1      | Reached XP level 2. HP: 17/24 MP: 2/2
  1047 | D:2      | Gained mutation: You have large cloven feet. [demonic
                  | ancestry]
  1047 | D:2      | Reached XP level 3. HP: 29/29 MP: 3/3
  1170 | D:2      | Reached skill level 4 in Long Blades
  1192 | D:2      | Killed from afar by an orc wizard

Illustrated notes

Levels and vault maps discovered:
D:1:      dpeg_arrival_ratfight, layout_loops_corners, hangedman_decor_push
D:2:      layout_loops_cross

Skill      XL: |  1  2  3 |
---------------+----------+-----
Long Blades    | 3 4 |  4.4
Fighting       | |  3.0
Dodging        | |  2.6
Stealth        | |  1.7

Action                   || total
-------------------------++-------
Melee: Falchion          ||    24
       Dagger            ||    80
       Kick              ||     2
 Stab: Sleeping          ||     7
Armor: Robe              ||     6
       Leather armour    ||     2
Dodge: Dodged            ||    51
Block: Other             ||    11

Table legend: (Time is in decaauts)
 A = Elapsed time spent in this place.
 B = Non-inter-level travel time spent in this place.
 C = Inter-level travel time spent in this place.
 D = Time resting spent in this place.
 E = Time spent auto-exploring this place.
 F = Levels seen in this place.
 G = Mean time per level.
                   A        B        C        D        E       F      G
               +--------+--------+--------+--------+--------+-----+--------+
         Total |   1186 |   1139 |     47 |      4 |    888 |   2 |  593.0 |
       Dungeon |   1186 |   1139 |     47 |      4 |    888 |   2 |  593.0 |
               +--------+--------+--------+--------+--------+-----+--------+

Top non-repeatable levels by time:
     D:1: 1040 daAuts
     D:2: 145 daAuts
